 Dungeon Crawl Stone Soup version 0.29-a0-872-g797fff5ad1 (webtiles) character file.

Game seed: 12114709575766454481

8 mathmaestro the Grave Robber (level 2, 20/20 HPs)
             Began as a Demonspawn Necromancer on July 18, 2022.
             Quit the game on level 1 of the Dungeon.
             The game lasted 00:00:52 (506 turns).

mathmaestro the Grave Robber (DsNe)                  Turns: 506, Time: 00:00:53

Health: 20/20      AC:  2    Str:  8    XL:     2   Next: 0%
Magic:  1/5        EV: 12    Int: 16    God:
Gold:   11         SH:  0    Dex: 19    Spells: 4/5 levels left

rFire   . . .      SeeInvis .   e - +0 short sword
rCold   . . .      Faith    .   (no shield)
rNeg    . . .      Spirit   .   a - +0 robe
rPois   .          Reflect  .   (no helmet)
rElec   .          Harm     .   (no cloak)
rCorr   .          Rampage  .   (no gloves)
Will    .....                   (no boots)
Stlth   ++........              (no amulet)
HPRegen 0.06/turn               f - +6 ring of dexterity
MPRegen 0.09/turn               (no ring)

@: no status effects
A: spiny 1
a: no special abilities


You were on level 1 of the Dungeon.
You visited 1 branch of the dungeon, and saw 1 of its levels.

You collected 11 gold pieces.

Inventory:

Hand Weapons
 c - a +0 falchion
 e - a +0 short sword (weapon)
Armour
 a - a +0 robe (worn)
Jewellery
 f - a +6 ring of dexterity (left hand)
Scrolls
 g - a scroll of identify {unknown}
Potions
 b - a potion of magic
 d - a potion of heal wounds {unknown}


   Skills:
 + Level 0.4 Fighting
 + Level 1.9 Dodging
 - Level 2.0 Stealth
 + Level 2.1 Spellcasting
 + Level 4.5 Necromancy


You had 4 spell levels left.
You knew the following spells:

 Your Spells              Type           Power      Damage    Failure   Level
a - Necrotise             Necr           64%        1d7       3%          1

Your spell library contained the following spells:

 Spells                   Type           Power      Damage    Failure   Level
 Vampiric Draining        Necr           16%        2d7       10%         3
 Animate Dead             Necr           16%        N/A       32%         4
 Agony                    Necr           16%        N/A       65%         5


Dungeon Overview and Level Annotations

Branches:
Dungeon (1/15)

Altars:


Innate Abilities, Weirdness & Mutations

You are partially covered in sharp spines.


Message History

The endoplasm freezes you.
You are frozen.
Casting: Necrotise (safe; 3% risk of failure)
Confirm with . or Enter, or press ? or * to list all spells.
You don't have enough magic to cast this spell.
Unknown command.
You hit the endoplasm.
The endoplasm is heavily wounded.
The endoplasm hits you.
You hit the endoplasm.
You kill the endoplasm!
You start resting.
Your kobold skeleton crumbles into dust!
Magic restored.
HP restored.
There is an open door here.
You open the door.
There is an open door here.
A goblin comes into view. It is wielding a +0 club.
Casting: Necrotise (safe; 3% risk of failure)
Confirm with . or Enter, or press ? or * to list all spells.
Aiming: Necrotise (safe; 3% risk of failure)
Press: ? - help, Shift-Dir - straight line, f - goblin
Aim: a goblin, wielding a +0 club (asleep, chance to affect: 86%)
The goblin shouts!
The goblin writhes in agony.
Casting: Necrotise (safe; 3% risk of failure)
Confirm with . or Enter, or press ? or * to list all spells.
Aiming: Necrotise (safe; 3% risk of failure)
Press: ? - help, Shift-Dir - straight line, f/p - goblin
Aim: a goblin, wielding a +0 club (heavily wounded, chance to affect: 86%)
The goblin writhes in agony!
You kill the goblin!
The dead are walking!
Training target 2.0 for Stealth reached!
Your Stealth skill increases to level 2!
You have reached level 2!
Your demonic ancestry asserts itself...
Sharp spines emerge from parts of your body.
Are you sure you want to abandon this character and quit the game? (Confirm with "yes".)

##.#########
...)...@...#
#Z.#######.#
#.# #.# #.#
##+## ##.##
##..>##
#...#
###.....##
###.#.#
##........##
##.#...#


You could see a friendly goblin skeleton.

Vanquished Creatures
  An endoplasm (D:1)
  A goblin (D:1)
  A hobgoblin (D:1)
  2 kobolds (D:1)
  A bat (D:1)
  A rat (D:1)
7 creatures vanquished.

Notes
Turn   | Place    | Note
-------+----------+-------------------------------------------
     0 | D:1      | mathmaestro the Demonspawn Necromancer began the quest for
                  | the Orb.
     0 | D:1      | Reached XP level 1. HP: 13/13 MP: 3/3
   290 | D:1      | Found a faded altar of an unknown god.
   506 | D:1      | Gained mutation: You are partially covered in sharp spines.
                  | [demonic ancestry]
   506 | D:1      | Reached XP level 2. HP: 20/20 MP: 1/5
   506 | D:1      | Quit the game

Illustrated notes

Levels and vault maps discovered:
D:1:      ebering_trefoil_3fold, layout_loops_corners,
          shapermc_ecumenical_altar_mp_vishouse, minmay_small_reverse_x

Skill      XL: |  1 |
---------------+----+-----
Stealth        | 2 |  2.0
Fighting       | |  0.4
Dodging        | |  1.9
Spellcasting   | |  2.1
Necromancy     | |  4.5

Action                   || total
-------------------------++-------
Melee: Short sword       ||     2
       Falchion          ||     2
 Cast: Necrotise         ||    11
Armor: Robe              ||     1
Dodge: Dodged            ||     2

Table legend: (Time is in decaauts)
 A = Elapsed time spent in this place.
 B = Non-inter-level travel time spent in this place.
 C = Inter-level travel time spent in this place.
 D = Time resting spent in this place.
 E = Time spent auto-exploring this place.
 F = Levels seen in this place.
 G = Mean time per level.
                   A        B        C        D        E       F      G
               +--------+--------+--------+--------+--------+-----+--------+
         Total |    504 |    504 |      0 |     33 |    427 |   1 |  504.0 |
       Dungeon |    504 |    504 |      0 |     33 |    427 |   1 |  504.0 |
               +--------+--------+--------+--------+--------+-----+--------+

Top non-repeatable levels by time:
     D:1: 504 daAuts
